 Dungeon Crawl Stone Soup version 0.17-a0-1421-g95311d7 (console) character file.

524 Fusha the Skirmisher (level 7, -4/68 HPs)
             Began as an Ogre Monk on June 24, 2015.
             Was a Priest of Cheibriados.
             Slain by Fluffy's ghost (13 damage)
             ... on level 5 of the Dungeon.
             The game lasted 00:18:49 (5504 turns).

Fusha the Skirmisher (Ogre Monk)                    Turns: 5504, Time: 00:18:49

Health: -4/68      AC:  5    Str: 24    XL:     7   Next: 22%
Magic:  6/9        EV: 12    Int: 15    God:    Cheibriados [***...]
Gold:   210        SH:  0    Dex: 19    Spells: 2 memorised, 3 levels left

rFire  . . .     SeeInvis +     i - +0 mace
rCold  . . .     Clarity  .     a - +0 robe
rNeg   . . .     SustAt   .     (no shield)
rPois  +         Gourm    .     (helmet restricted)
rElec  .         Spirit   .     n - +1 cloak
rCorr  .         Warding  .     (gloves unavailable)
rMut   .         Stasis   .     (boots unavailable)
MR     .....                    (no amulet)
Stlth  ++........               (no ring)
                                e - ring of poison resistance

@: very slow, not resistant to hostile enchantments, unstealthy
A: unfitting armour, see invisible, breathe flames 1, frail 1, tough skin 1
a: Bend Time, Temporal Distortion, Renounce Religion, Breathe Fire


You were on level 5 of the Dungeon.
You worshipped Cheibriados.
Cheibriados was most pleased with you.
You were not hungry.

You visited 1 branch of the dungeon, and saw 5 of its levels.

You collected 210 gold pieces.

Inventory:

Hand weapons
 g - a +0 club
 i - a +0 mace (weapon)
Missiles
 c - 23 poisoned needles
 l - a javelin (quivered)
Armour
 a - a +0 robe (worn)
 n - a +1 cloak (worn)
Jewellery
 e - a ring of poison resistance (left hand)
Scrolls
 f - a scroll of identify
 q - a scroll of remove curse
Potions
 d - a potion of degeneration
Books
 m - Yshed's Disquisition on Dusty Transmutation
   (You found it on level 5 of the Dungeon)

   Spells                             Type                      Level
   a - Beastly Appendage              Transmutation                1
   b - Stoneskin                      Transmutation/Earth          2
   c - Statue Form                    Transmutation/Earth          6
   d - Dragon Form                    Transmutation                7
Comestibles
 b - 5 bread rations
 h - a slice of pizza
 k - a beef jerky
 p - 2 royal jellies
 r - a meat ration


   Skills:
 + Level 6.5 Fighting
 * Level 5.1 Maces & Flails
 + Level 3.9 Dodging
 - Level 1.5 Stealth
 - Level 3.6 Unarmed Combat
 * Level 1.0 Transmutations
 * Level 2.9 Invocations


You had 3 spell levels left.
You knew the following spells:

 Your Spells              Type           Power        Failure   Level  Hunger
a - Beastly Appendage     Trmt           #.....       17%         1    ##.....
b - Stoneskin             Trmt/Erth      #.......     34%         2    ###....


Dungeon Overview and Level Annotations

Branches:
Dungeon (5/15)
 Temple: D:4-7

Altars:
Cheibriados

Annotations:
D:4 Sigmund
D:5 Fluffy's ghost, average GrFi


Innate Abilities, Weirdness & Mutations

You are too large for most types of armour.
You have tough skin (AC +1).
You have supernaturally acute eyesight.
You can breathe flames.
You are frail (-10% HP).


Message History

Drink which item? (? for menu, Esc to quit)
Okay, then.
Fluffy's ghost is no longer moving slowly.
Use which ability? (? or * to list)
The flow of time bends around you.
Cheibriados rebukes Fluffy's ghost.
Fluffy's ghost seems to slow down.
You feel slightly more hungry. Fluffy's ghost barely misses you.
Fluffy's ghost hits you.
* * * LOW HITPOINT WARNING * * *
Fluffy's ghost hits you!
* * * LOW HITPOINT WARNING * * *
A hound comes into view.
The hound barks!
Fluffy's ghost is no longer moving slowly.
You hit the hound.
The hound is lightly wounded.
The hound closely misses you. The hound bites you but does no damage.
Fluffy's ghost hits you!
You die...

##......>....
#............
##............
#.............
#............. #..
##............. #..#
##.............# ...#
###..............# ...#
###@h....#........##
#..####.W.###....########
#...#...### ###...#
#....### #...##
##..###### #.)..#####
#........## ##.......
##.........# ##......
#####..........# ##.....
####.............##
##....


You could see a hound and Fluffy's ghost.

Vanquished Creatures
  The ghost of vatarom the Sneak, an average FeTm (D:3)
  A giant frog (D:4)
  A scorpion (D:5)
  A hound (D:5)
  A giant frog zombie (D:5)
  3 worker ants (D:5)
  2 orc wizards
  4 adders
  2 shadow imps (D:5)
  2 oozes
  5 worms
  An adder skeleton (D:5)
  10 orcs
  12 bats
  2 giant cockroaches
  7 goblins
  15 hobgoblins
  8 jackals
  7 kobolds
  3 quokkas
  A giant gecko (D:5)
  2 giant newts (D:2)
  10 rats
101 creatures vanquished.

Notes
Turn   | Place    | Note
--------------------------------------------------------------
     0 | D:1      | Fusha the Ogre Monk began the quest for the Orb.
     0 | D:1      | Reached XP level 1. HP: 24/24 MP: 1/1
   131 | D:1      | Reached XP level 2. HP: 28/32 MP: 2/2
   337 | D:1      | Gained mutation: You can breathe flames. [potion of mutation]
   337 | D:1      | Gained mutation: You are frail (-10% HP). [potion of mutation]
   337 | D:1      | Gained mutation: You have supernaturally acute eyesight. [potion of mutation]
   716 | D:1      | Reached skill level 1 in Maces & Flails
   716 | D:1      | Reached XP level 3. HP: 34/36 MP: 3/3
  1176 | D:2      | Reached skill level 5 in Fighting
  2177 | D:2      | Reached XP level 4. HP: 45/45 MP: 4/4
  2369 | D:2      | HP: 1/45 [worm (9)]
  3510 | D:3      | Noticed vatarom's ghost (average FeTm)
  3546 | D:3      | Killed vatarom's ghost
  3546 | D:3      | Reached skill level 6 in Fighting
  3546 | D:3      | Reached XP level 5. HP: 17/53 MP: 5/5
  3786 | D:3      | Found a snail-covered altar of Cheibriados.
  3794 | D:3      | Became a worshipper of Cheibriados the Contemplative
  3794 | D:3      | Acquired Cheibriados's first power
  4067 | D:4      | Noticed Sigmund
  4077 | D:4      | Reached skill level 1 in Invocations
  4077 | D:4      | Reached XP level 6. HP: 48/61 MP: 5/7
  4087 | D:5      | Entered Level 5 of the Dungeon
  4105 | D:5      | HP: 3/61 [jackal (1)]
  4782 | D:5      | Identified Yshed's Disquisition on Dusty Transmutation (You found it on level 5 of the Dungeon)
  4785 | D:5      | Learned a level 1 spell: Beastly Appendage
  4788 | D:5      | Learned a level 2 spell: Stoneskin
  4921 | D:5      | Reached XP level 7. HP: 64/68 MP: 8/8
  5050 | D:5      | Acquired Cheibriados's second power
  5107 | D:5      | Reached skill level 1 in Transmutations
  5240 | D:5      | Reached skill level 5 in Maces & Flails
  5469 | D:5      | Noticed Fluffy's ghost (average GrFi)
  5504 | D:5      | Slain by Fluffy's ghost

Vault maps used:
D:1:      dpeg_arrival_long_road, serial_forest, infiniplex_forest_lined_3,
          infiniplex_forest_lined_2, infiniplex_forest_straight_3,
          infiniplex_forest_lined_ring, st_stairs_9
D:3:      cheibriados_altar_1
D:4:      nicolae_overflow_hidden_temple, st_stairs_5, uniq_crazy_yiuf_cottage,
          uniq_pikel, uniq_sigmund, uniq_natasha
D:5:      first_bread, minmay_misc_feat_cross, minmay_statues_item,
          kennysheep_nub

Action                   |  1- 3 |  4- 6 |  7- 9 || total
-------------------------+-------+-------+-------++-------
Melee: Unarmed           |    38 |       |       ||    38
       Club              |   120 |       |       ||   120
       Mace              |    13 |   178 |    50 ||   241
Throw: Javelin           |       |       |     3 ||     3
Invok: Bend Time         |       |       |     2 ||     2
 Abil: Breathe Fire      |     1 |     4 |     1 ||     6
  Use: Potion            |     1 |     5 |       ||     6
       Scroll            |       |     4 |     3 ||     7
 Stab: Sleeping          |     4 |       |     1 ||     5
       Distracted        |     1 |       |       ||     1
  Eat: Bread ration      |     1 |       |       ||     1
       Meat ration       |       |     1 |       ||     1
       Beef jerky        |       |     1 |       ||     1
       Fruit             |       |     3 |       ||     3
